 Dungeon Crawl Stone Soup version 0.21-a0-216-g6d3fd91 (webtiles) character file.

240 namelastname112 the Caller (level 5, 0/41 HPs)
             Began as a Draconian Summoner on Aug 23, 2017.
             Killed by nerve-wracking pain
             ... invoked by a shadow imp
              (14 damage)
             ... on level 4 of the Dungeon.
             The game lasted 00:03:58 (3246 turns).

namelastname112 the Caller (Draconian Summoner)     Turns: 3246, Time: 00:03:59

Health: 0/41       AC:  6    Str: 10    XL:     5   Next: 80%
Magic:  4/9        EV: 13    Int: 16    God:
Gold:   171        SH:  0    Dex: 12    Spells: 4/10 levels left

rFire    . . .     SeeInvis .   c - +3 whip (elec)
rCold    . . .     Gourm    .   (no shield)
rNeg     . . .     Faith    .   (armour unavailable)
rPois    .         Spirit   .   (helmet restricted)
rElec    .         Reflect  .   o - +0 cloak
rCorr    .         Harm     .   (no gloves)
MR       .....                  (no boots)
Stlth    ++........             (no amulet)
HPRegen  0.13/turn              (no ring)
MPRegen  0.11/turn              (no ring)

@: no status effects
A: unfitting armour, cold-blooded, AC +5
a: no special abilities


You were on level 4 of the Dungeon.
You were hungry.

You visited 1 branch of the dungeon, and saw 5 of its levels.

You collected 171 gold pieces.

Inventory:

Hand Weapons
 c - a +3 whip of electrocution (weapon)
Armour
 m - a cursed -2 buckler
 o - a +0 cloak (worn)
Scrolls
 d - 6 scrolls of identify {unknown}
 e - 2 scrolls of random uselessness {unknown}
 g - 4 scrolls of remove curse {unknown}
 h - a scroll of recharging {unknown}
Potions
 i - a potion of degeneration {unknown}
 j - a potion of berserk rage {unknown}
 k - 2 potions of curing {unknown}
 n - a potion of invisibility {unknown}
 p - 4 potions of haste {unknown}
Books
 a - a book of Callings

   Spells                             Type                      Level
   a - Summon Small Mammal            Summoning                    1
   b - Call Imp                       Summoning                    2
   c - Call Canine Familiar           Summoning                    3
   d - Summon Guardian Golem          Hexes/Summoning              3
   e - Summon Lightning Spire         Summoning/Air                4
   f - Summon Ice Beast               Ice/Summoning                4
Comestibles
 b - 6 bread rations
 f - 2 meat rations
 l - 2 royal jellies


   Skills:
 + Level 2.1 Fighting
 + Level 2.8 Dodging
 - Level 1.7 Stealth
 + Level 3.0 Spellcasting
 * Level 5.6 Summonings


You had 4 spell levels left.
You knew the following spells:

 Your Spells              Type           Power        Failure   Level  Hunger
a - Summon Small Mammal   Summ           ###.         1%          1    #......
x - Call Canine Familiar  Summ           ###.....     5%          3    ###....
z - Call Imp              Summ           ###.....     2%          2    ##.....


Dungeon Overview and Level Annotations

Branches:
Dungeon (5/15)
 Temple: D:4-7

Altars:
Hepliaklqana
Ru
Uskayaw
Wu Jian
Xom


Innate Abilities, Weirdness & Mutations

Your plain brown scales are hard. (AC +5)
You cannot fit into any form of body armour.
You are cold-blooded and may be slowed by cold attacks.


Message History

The shadow imp closely misses you.
The scorpion stings you but does no damage.
Your hound bites the shadow imp.
The shadow imp barely misses your hound.
You barely miss the shadow imp.
The shadow imp is severely wounded.
Your hound disappears in a puff of smoke!
The scorpion barely misses you. The shadow imp gestures at you.
Pain shoots through your body! The scorpion stings you.
You take 7 damage, and have 14/41 hp.
You are too injured to fight recklessly!
You are too injured to fight recklessly!
You are too injured to fight recklessly!
There is an open door here.
Casting: Call Canine Familiar
Confirm with . or Enter, or press ? or * to list all spells.
The shadow imp gestures at you. Pain shoots through your body!
You die...

..... ....... ###
#.......# #..##
#.......# ....#
##.......#####.⌠._#
............#.....#
#.......h..#..$.#
#...(.....@5s..8#
#.........##..(.#
#.........##.....#
#.........###.⌠._#
##.........# ....#
###..........#
#..##
#........##### ###
####.........#
..#..........##


You could see a scorpion, a shadow imp and a friendly hound.

Vanquished Creatures
  A worker ant (D:4)
  4 adders
  2 oozes (D:1)
  A worm (D:3)
  4 dart slugs
  2 leopard geckos
  5 orcs (D:3)
  4 ball pythons
  4 giant cockroaches
  9 goblins
  8 hobgoblins
  11 jackals
  3 quokkas
  8 bats
  6 frilled lizards
  8 kobolds
  8 rats
88 creatures vanquished.

Vanquished Creatures (collateral kills)
  A phantom (D:4)
  A kobold (D:1)
2 creatures vanquished.

Grand Total: 90 creatures vanquished

Notes
Turn   | Place    | Note
-------+----------+-------------------------------------------
     0 | D:1      | namelastname112 the Draconian Summoner began the quest for the Orb.
     0 | D:1      | Reached XP level 1. HP: 14/14 MP: 3/3
    71 | D:1      | Reached XP level 2. HP: 14/22 MP: 5/5
   182 | D:1      | Learned a level 2 spell: Call Imp
   368 | D:1      | Reached XP level 3. HP: 20/27 MP: 6/6
   373 | D:1      | Learned a level 3 spell: Call Canine Familiar
   429 | D:1      | Reached skill level 1 in Fighting
  1255 | D:2      | Reached XP level 4. HP: 35/35 MP: 7/7
  1344 | D:2      | Reached skill level 5 in Summonings
  1745 | D:2      | Found a hazy altar of Hepliaklqana.
  3040 | D:4      | Reached XP level 5. HP: 39/40 MP: 9/9
  3102 | D:4      | You fall through a shaft!
  3102 | D:5      | Entered Level 5 of the Dungeon
  3203 | D:4      | Found a hide-covered altar of Uskayaw.
  3203 | D:4      | Found a sacrificial altar of Ru.
  3206 | D:4      | Noticed a phantom
  3226 | D:4      | Killed a phantom
  3238 | D:4      | Found an ornate altar of the Wu Jian Council.
  3238 | D:4      | Found a shimmering altar of Xom.
  3246 | D:4      | Killed from afar by a shadow imp

Vault maps used:
D:1:      erik_arrival_gehennom, hangedman_feature_mirror
D:2:      lemuel_coloured_pillars_altar
D:3:      first_bread
D:4:      grunt_temple_overflow_open, gammafunk_temple_overflow_pools,
          enter_ossuary_1, minmay_misc_feat_cross
D:5:      grunt_temple_overflow_holy_war, nemelex_xobeh_ov_fountains_minmay

Skill      XL: |  1  2  3  4  5 |
---------------+----------------+-----
Dodging        | 2 |  2.8
Fighting       | 1 2 |  2.1
Summonings     | 5 |  5.6
Spellcasting   | 3 |  3.0
Stealth        | |  1.7

Action                   |  1- 3 |  4- 6 || total
-------------------------+-------+-------++-------
Melee: Whip              |    96 |   144 ||   240
       Unarmed           |     4 |       ||     4
       Tailslap          |     5 |    14 ||    19
 Cast: Summon Small Mamm |     3 |       ||     3
       Call Canine Famil |       |     3 ||     3
 Stab: Sleeping          |     5 |     4 ||     9
       Distracted        |     1 |       ||     1
  Eat: Chunk             |     1 |     6 ||     7
Armor: Skin              |    31 |    49 ||    80
Dodge: Dodged            |    68 |   119 ||   187

Table legend:
 A = Spawn XP
 B = Non-spawn XP
 C = Spawn XP percentage of total XP
 D = Spawn monster count
 E = Non-spawn monster count
 F = Spawn count percentage of total count
 G = Total turns spent on level
                    A         B        C        D         E        F      G
               +---------+---------+-------+---------+---------+-------+---------
         Total |      22 |     322 |   6.4 |      11 |      79 |  12.2 |  3246
               +---------+---------+-------+---------+---------+-------+---------
           D:1 |       9 |      60 |  13.0 |       5 |      29 |  14.7 |  1171
           D:2 |       5 |      62 |   7.5 |       2 |      19 |   9.5 |   727
           D:3 |       8 |      48 |  14.3 |       4 |      22 |  15.4 |  1089
           D:4 |       0 |     139 |   0.0 |       0 |       8 |   0.0 |   225
           D:5 |       0 |      13 |   0.0 |       0 |       1 |   0.0 |    34
               +---------+---------+-------+---------+---------+-------+---------
